 Seeded DCSS version 0.27-a0-988-g25969acef8 (webtiles) character file.

Game seed: 5354474986860679511 (custom seed)

38864 tardwrangler69 the Earth Mage (level 13, -10/113 HPs)
             Began as a Grey Draconian Earth Elementalist on Apr 15, 2021.
             Was a High Priest of Vehumet.
             Mangled by Rupert
             ... wielding a +3 great sword of holy wrath
              (24 damage)
             ... on level 5 of the Lair of Beasts.
             The game lasted 00:26:06 (23313 turns).

tardwrangler69 the Earth Mage (DrEE)               Turns: 23313, Time: 00:26:07

Health: -10/113    AC: 19    Str: 13    XL:     13   Next: 66%
Magic:  5/32       EV: 15    Int: 19    God:    Vehumet [*****.]
Gold:   1178       SH:  4    Dex: 11    Spells: 17/26 levels left

rFire    . . .     SeeInvis .   n - staff of earth
rCold    . . .     Faith    .   F - +0 buckler
rNeg     . . .     Spirit   .   (armour unavailable)
rPois    .         Reflect  .   (helmet restricted)
rElec    .         Harm     .   p - +0 cloak
rCorr    .         Rampage  .   (no gloves)
Will     .....                  E - +0 pair of boots
Stlth    ++........             (no amulet)
HPRegen  0.28/turn              y - +4 ring of protection
MPRegen  0.23/turn              O - ring of magical power

@: studying Staves
A: AC +13, unfitting armour, unbreathing 2, cold-blooded
a: Renounce Religion


You were on level 5 of the Lair of Beasts.
You worshipped Vehumet.
Vehumet was extremely pleased with you.
You visited 3 branches of the dungeon, and saw 19 of its levels.

You collected 1220 gold pieces.
You spent 42 gold pieces at shops.

Inventory:

Hand Weapons
 C - a +5 spectral short sword
Missiles
 b - 392 stones
 M - 3 throwing nets
 Y - 4 curare-tipped darts
Armour
 p - a +0 cloak (worn)
 E - a +0 pair of boots (worn)
 F - a +0 buckler (worn)
Magical Staves
 n - a staff of earth (weapon)
Jewellery
 f - a ring of wizardry
 m - a +6 ring of intelligence
 y - a +4 ring of protection (left hand)
 O - a ring of magical power (right hand)
Wands
 g - a wand of paralysis (12)
 q - a wand of digging (6)
 B - a wand of polymorph (13)
 G - a wand of iceblast (19)
 I - a wand of flame (84)
 Z - a wand of acid (8)
Scrolls
 c - 2 scrolls of summoning
 e - 2 scrolls of amnesia
 h - a scroll of teleportation
 k - 3 scrolls of fear
 l - 18 scrolls of identify {unknown}
 o - a scroll of brand weapon
 r - 5 scrolls of enchant armour {unknown}
 s - 4 scrolls of vulnerability {unknown}
 t - a scroll of silence {unknown}
 u - 5 scrolls of blinking {unknown}
 v - 4 scrolls of fog {unknown}
 D - 2 scrolls of immolation {unknown}
 N - 2 scrolls of holy word {unknown}
 Q - 3 scrolls of enchant weapon {unknown}
 R - 2 scrolls of magic mapping {unknown}
 U - a scroll of noise {unknown}
Potions
 a - 4 potions of might {unknown}
 d - 6 potions of attraction
 i - 9 potions of curing {unknown}
 j - a potion of mutation {unknown}
 w - a potion of ambrosia {unknown}
 x - a potion of haste {unknown}
 z - 9 potions of degeneration
 A - 2 potions of lignification {unknown}
 J - 5 potions of flight {unknown}
 K - a potion of berserk rage {unknown}
 L - 4 potions of heal wounds {unknown}
 P - 2 potions of resistance {unknown}
 S - a potion of cancellation {unknown}


   Skills:
 - Level 10.0 Fighting
 + Level 12.8 Staves
 - Level 10.0 Dodging
 - Level 1.7 Stealth
 - Level 4.0 Shields
 - Level 7.0 Spellcasting
 - Level 8.0 Conjurations
 - Level 1.0 Transmutations
 - Level 15.0 Earth Magic


You had 17 spell levels left.
You knew the following spells:

 Your Spells              Type           Power      Damage    Failure   Level
a - Sandblast             Erth           100%       2d20      0%          1
b - Stone Arrow           Conj/Erth      100%       3d13      1%          3
c - Lee's Rapid Deconstr  Erth           38%        3d20*     1%          5

Your spell library contained the following spells:

 Spells                   Type           Power      Damage    Failure   Level
 Fulminant Prism          Conj/Hex       10%        3d9       5%          4
 Passwall                 Tmut/Erth      44%        N/A       1%          2
 Petrify                  Tmut/Erth      53%        N/A       3%          4
 Borgnjor's Vile Clutch   Necr/Erth      25%        N/A       13%         5
 Ensorcelled Hibernation  Hex/Ice        12%        N/A       16%         2
 Silence                  Hex/Air        3%         N/A       95%         5
 Shadow Creatures         Summ           N/A        N/A       100%        6
 Animate Armour           Summ/Erth      Unusable   N/A       N/A         4

Dungeon Overview and Level Annotations

Branches:
Dungeon (13/15)            Temple (1/1) D:6            Lair (5/6) D:8
  Swamp (0/4) Lair:4        Snake (0/4) Lair:4          Orc (0/2) D:12
  Slime: Lair:5-6    Vaults: D:13-14

Altars:
Ashenzari
Cheibriados
Dithmenos
Elyvilon
Fedhas
Gozag
Hepliaklqana
Kikubaaqudgha
Makhleb
Nemelex Xobeh
Okawaru
Qazlal
Ru
Sif Muna
Trog
Uskayaw
Vehumet
Wu Jian
Xom
Yredelemnul
Zin
The Shining One

Shops:
D:1 ?[*:[   D:8 !

Portals:
Trove: D:13 (give 13 scrolls of teleportation)

Annotations:
D:6 2 transporters, Twinkles's ghost, amateur DEFE
Lair:1 exclusion: oklob plant
Lair:5 exclusion: oklob plant, Rupert


Innate Abilities, Weirdness & Mutations

Your dull iron-grey scales are very hard. (AC +13)
You cannot fit into any form of body armour.
You can survive without breathing, even under water.
You are cold-blooded and may be slowed by cold attacks.


Message History

Press: ? - help, Shift-Dir - straight line, f/p - Rupert
Aim: Rupert, wielding a +3 great sword of holy wrath and wearing a +0 chain mail (severely wounded, berserk, 84% to hit)
You feel a surge of power!
The stone arrow misses Rupert.
You block Rupert's attack.
Rupert hits you with a +3 great sword of holy wrath!!
Casting: Stone Arrow (safe; 1% risk of failure)
Confirm with . or Enter, or press ? or * to list all spells.
Aiming: Stone Arrow (safe; 1% risk of failure)
Press: ? - help, Shift-Dir - straight line, f/p - Rupert
Aim: Rupert, wielding a +3 great sword of holy wrath and wearing a +0 chain mail (severely wounded, berserk, 84% to hit)
You feel a surge of power!
The stone arrow hits Rupert!
Rupert is severely wounded.
Rupert barely misses you.
Casting: Stone Arrow (safe; 1% risk of failure)
Confirm with . or Enter, or press ? or * to list all spells.
Aiming: Stone Arrow (safe; 1% risk of failure)
Press: ? - help, Shift-Dir - straight line, f/p - Rupert
Aim: Rupert, wielding a +3 great sword of holy wrath and wearing a +0 chain mail (severely wounded, berserk, 84% to hit)
You feel a surge of power!
The stone arrow misses Rupert.
Rupert closely misses you. x2
Casting: Stone Arrow (safe; 1% risk of failure)
Confirm with . or Enter, or press ? or * to list all spells.
Aiming: Stone Arrow (safe; 1% risk of failure)
Press: ? - help, Shift-Dir - straight line, f/p - Rupert
Aim: Rupert, wielding a +3 great sword of holy wrath and wearing a +0 chain mail (severely wounded, berserk, 84% to hit)
You feel a surge of power!
The stone arrow hits Rupert!!
Rupert is almost dead.
Rupert hits you with a +3 great sword of holy wrath!!!
* * * LOW HITPOINT WARNING * * *
Casting: Stone Arrow (safe; 1% risk of failure)
Confirm with . or Enter, or press ? or * to list all spells.
Aiming: Stone Arrow (safe; 1% risk of failure)
Press: ? - help, Shift-Dir - straight line, f/p - Rupert
Aim: Rupert, wielding a +3 great sword of holy wrath and wearing a +0 chain mail (almost dead, berserk, 84% to hit)
You feel a surge of power!
The stone arrow hits Rupert!
Rupert is almost dead.
Rupert hits you with a +3 great sword of holy wrath!
* * * LOW HITPOINT WARNING * * *
Rupert hits you with a +3 great sword of holy wrath!!
You die...

#....................
#P...................
##...................
##..#.................
#...#.............##..
##.##.............P...
#........#P.<.........
##.......P........P...
#P.#.@@...............
#P..#...........Y##...
##..P..........YY#....
#....#...........##.#
###.............P....
P..................
P...................
$....................
####.. ..............#


You could see Rupert (berserk).

Vanquished Creatures
  Harold (D:11)
  A boulder beetle (Lair:3)
  A catoblepas (Lair:4)
  An ogre mage (D:13)
  5 hydras
  5 two-headed ogres
  Sonja (Lair:3)
  An ugly thing (D:11)
  A cyclops (D:12)
  11 elephants
  A black mamba (Lair:3)
  3 cane toads
  A kobold demonologist (D:11)
  2 komodo dragons (D:8)
  2 rime drakes
  4 trolls
  2 polar bears
  12 blink frogs
  4 slime creatures (D:12)
  Sigmund (D:5)
  A wraith (D:12)
  A shadow (D:9)
  5 wyverns
  25 yaks
  Eustachio (D:4)
  2 steam dragons
  5 basilisks
  A fire elemental (Lair:2)
  4 vampire mosquitoes (Lair:4)
  An acid dragon (D:8)
  8 water moccasins
  Duvessa (D:6)
  An ice beast (D:7)
  A swamp drake (D:12)
  7 orc warriors
  A sky beast (D:5)
  28 wolves
  8 ogres
  3 phantoms
  9 centaurs
  11 bullfrogs
  A gnoll sergeant (D:8)
  Dowan (D:6)
  A wyvern skeleton (D:6)
  A water moccasin skeleton (D:5)
  5 wights (D:8)
  5 killer bees (D:5)
  4 howler monkeys
  An electric eel (Lair:4)
  A bullfrog zombie (D:7)
  4 hounds
  A jelly (D:5)
  7 orc priests
  11 centaur zombies
  3 bullfrog skeletons
  3 centaur skeletons
  A gnoll shaman (D:9)
  5 orc wizards
  2 iguanas
  A killer bee zombie (D:3)
  3 howler monkey zombies
  9 gnolls
  10 adders
  2 shadow imps
  3 white imps
  2 ufetubi
  2 adder skeletons (D:4)
  4 dart slugs
  57 orcs
  7 ball pythons
  6 endoplasms
  2 giant cockroaches
  6 goblins
  5 hobgoblins
  6 jackals
  3 quokkas
  2 bats (D:1)
  2 frilled lizards (D:1)
  5 kobolds
  4 rats (D:3)
382 creatures vanquished.

Vanquished Creatures (others)
  19 fungi
  28 plants
47 creatures vanquished.

Grand Total: 429 creatures vanquished

Notes
Turn   | Place    | Note
-------+----------+-------------------------------------------
     0 | D:1      | tardwrangler69 the Draconian Earth Elementalist began the
                  | quest for the Orb.
     0 | D:1      | Reached XP level 1. HP: 14/14 MP: 3/3
   351 | D:1      | Found a faded altar of an unknown god.
   376 | D:1      | Reached XP level 2. HP: 11/20 MP: 0/5
   518 | D:1      | Found Zulah's Book Emporium.
   545 | D:1      | Found Fur Otun's Antique Armour Emporium.
   814 | D:1      | Found Byt Ame's Assorted Antiques.
   829 | D:1      | Found Vuaczesou's Antique Armour Boutique.
  1120 | D:1      | Found Wazinelu's Magic Scroll Shop.
  1154 | D:1      | Bought a scroll of teleportation for 42 gold pieces
  1377 | D:2      | Reached XP level 3. HP: 9/26 MP: 3/6
  1379 | D:2      | Reached skill level 4 in Earth Magic
  2505 | D:2      | Reached XP level 4. HP: 30/33 MP: 5/8
  2673 | D:2      | Learned a level 3 spell: Stone Arrow
  2775 | D:3      | Found a glowing golden altar of the Shining One.
  2780 | D:3      | Found an ancient bone altar of Kikubaaqudgha.
  2781 | D:3      | Found a white marble altar of Elyvilon.
  3011 | D:3      | Found a glowing silver altar of Zin.
  3067 | D:3      | Reached skill level 1 in Conjurations
  3488 | D:3      | Reached XP level 5. HP: 32/38 MP: 6/9
  3649 | D:4      | Noticed an ogre
  3654 | D:4      | Killed an ogre
  3655 | D:4      | Reached skill level 5 in Earth Magic
  3779 | D:4      | Noticed Eustachio
  4251 | D:4      | Reached XP level 6. HP: 45/45 MP: 9/11
  4258 | D:4      | Killed Eustachio
  4420 | D:4      | Found a sparkling altar of Nemelex Xobeh.
  4809 | D:4      | Reached skill level 6 in Earth Magic
  4809 | D:4      | Your scales start taking on a dull iron-grey colour.
  4809 | D:4      | Reached skill level 7 in Earth Magic
  4809 | D:4      | Reached XP level 7. HP: 50/50 MP: 8/12
  4809 | D:4      | Gained mutation: You can survive without breathing. [Grey
                  | Draconian growth]
  4809 | D:4      | Gained mutation: You can survive without breathing, even
                  | under water. [Grey Draconian growth]
  5451 | D:5      | Entered Level 5 of the Dungeon
  5488 | D:5      | Found a burning altar of Makhleb.
  5823 | D:5      | Reached skill level 8 in Earth Magic
  5947 | D:5      | Noticed Sigmund
  5949 | D:5      | Killed Sigmund
  6022 | D:5      | Reached skill level 5 in Conjurations
  6022 | D:5      | Reached XP level 8. HP: 57/57 MP: 11/14
  6102 | D:5      | Reached skill level 9 in Earth Magic
  6654 | D:6      | Reached skill level 5 in Spellcasting
  6715 | D:6      | Found a transporter.
  6715 | D:6      | Noticed Twinkles's ghost (amateur DEFE)
  6717 | D:6      | Identified the +11 great mace of the Moon {vorpal, Str+4}
  6717 | D:6      | Identified the +7 great mace "Ypnemidu" {drain, rPois Str-5
                  | SInv}
  6717 | D:6      | Noticed a two-headed ogre
  6955 | D:6      | Found a staircase to the Ecumenical Temple.
  6987 | Temple   | Entered the Ecumenical Temple
  7151 | Temple   | Became a worshipper of Vehumet
  7276 | D:6      | Noticed Dowan
  7277 | D:6      | Noticed Duvessa
  7281 | D:6      | Killed Duvessa
  7282 | D:6      | Killed Dowan
  7283 | D:6      | Reached skill level 10 in Earth Magic
  7283 | D:6      | Reached XP level 9. HP: 62/62 MP: 3/16
  7928 | D:6      | Found a transporter.
  9024 | D:7      | Found an iron altar of Okawaru.
  9433 | D:8      | Reached * piety under Vehumet
  9433 | D:8      | Offered knowledge of Foxfire by Vehumet.
  9439 | D:8      | Reached skill level 11 in Earth Magic
  9919 | D:8      | Found a blossoming altar of Fedhas.
  9981 | D:8      | Reached skill level 1 in Fighting
 10307 | D:8      | Found Zyined's Distillery.
 10393 | D:8      | Noticed a two-headed ogre
 10397 | D:8      | Killed a two-headed ogre
 10398 | D:8      | Reached XP level 10. HP: 74/74 MP: 9/19
 10490 | D:8      | Reached skill level 12 in Earth Magic
 10792 | D:8      | Found a staircase to the Lair.
 11885 | D:9      | Offered knowledge of Static Discharge by Vehumet.
 11901 | D:9      | Reached ** piety under Vehumet
 11938 | D:9      | Learned a level 5 spell: Lee's Rapid Deconstruction
 12060 | D:9      | Reached skill level 13 in Earth Magic
 12642 | D:10     | Entered Level 10 of the Dungeon
 12779 | D:10     | Reached skill level 5 in Fighting
 12850 | D:10     | Found a basalt altar of Yredelemnul.
 12858 | D:10     | Reached XP level 11. HP: 84/86 MP: 3/21
 12988 | D:10     | Found a broken altar of Ashenzari.
 13107 | D:10     | Offered knowledge of Dazzling Flash by Vehumet.
 13128 | D:10     | Reached skill level 5 in Dodging
 13990 | D:11     | Noticed Harold
 13999 | D:11     | Killed Harold
 14000 | D:11     | Reached skill level 14 in Earth Magic
 14133 | D:11     | Reached *** piety under Vehumet
 14135 | D:11     | Noticed a two-headed ogre
 14138 | D:11     | Killed a two-headed ogre
 14231 | D:11     | Noticed a two-headed ogre
 14237 | D:11     | Killed a two-headed ogre
 14801 | D:11     | Noticed a brown ugly thing
 14806 | D:11     | Killed a brown ugly thing
 15241 | D:12     | Noticed a two-headed ogre
 15247 | D:12     | Killed a two-headed ogre
 15351 | D:12     | Reached skill level 15 in Earth Magic
 15851 | D:12     | Found a staircase to the Orcish Mines.
 15980 | D:12     | Reached XP level 12. HP: 101/101 MP: 16/22
 16458 | D:13     | Found a portal to a secret trove of treasure.
 16490 | D:13     | Noticed a two-headed ogre
 16492 | D:13     | Killed a two-headed ogre
 16499 | D:13     | Noticed an ogre mage
 16502 | D:13     | Offered knowledge of Ignite Poison by Vehumet.
 16509 | D:13     | Killed an ogre mage
 16869 | Lair:1   | Entered Level 1 of the Lair of Beasts
 17077 | Lair:1   | Noticed a seven-headed hydra
 17089 | Lair:1   | Killed a seven-headed hydra
 18311 | Lair:2   | Reached skill level 1 in Shields
 18318 | Lair:2   | Reached skill level 10 in Fighting
 18679 | Lair:2   | Noticed an eight-headed hydra
 18684 | Lair:2   | Killed an eight-headed hydra
 18684 | Lair:2   | Reached **** piety under Vehumet
 19357 | Lair:3   | Noticed a seven-headed hydra
 19365 | Lair:3   | Killed a seven-headed hydra
 19786 | Lair:3   | Noticed Sonja
 19790 | Lair:3   | Killed Sonja
 19971 | Lair:3   | Noticed a four-headed hydra
 19975 | Lair:3   | Killed a four-headed hydra
 19975 | Lair:3   | Offered knowledge of Sticky Flame by Vehumet.
 19976 | Lair:3   | Reached skill level 10 in Dodging
 19976 | Lair:3   | Reached skill level 1 in Staves
 20064 | Lair:3   | Reached XP level 13. HP: 99/113 MP: 23/23
 20552 | Lair:3   | Reached skill level 5 in Staves
 20854 | Lair:4   | Found a staircase to the Snake Pit.
 21675 | Lair:4   | Reached skill level 10 in Staves
 21852 | Lair:4   | Found a sacrificial altar of Ru.
 22160 | Lair:4   | Found a staircase to the Swamp.
 22238 | Lair:4   | Reached ***** piety under Vehumet
 22866 | Lair:5   | Noticed Rupert
 22924 | Lair:5   | Offered knowledge of Fulminant Prism by Vehumet.
 23303 | Lair:5   | Paralysed by Rupert for 4 turns
 23313 | Lair:5   | Mangled by Rupert

Illustrated notes

Levels and vault maps discovered:
D:1:      evilmike_arrival_plus, layout_rooms, serial_shops, shop, shop_statue,
          shop, nicolae_shop_stone, shop, chequers_ecumenical_altar_simple
D:2:      layout_loops_ring
D:3:      layout_loops_ring, nicolae_overflow_hidden_temple,
          grunt_temple_overflow_open
D:4:      layout_loops_cross, nicolae_overflow_crystal_walls,
          chequers_ossuary_entry_cave, uniq_eustachio
D:5:      layout_gridville, makhleb_blood_cavern_becter, uniq_sigmund
D:6:      minmay_general_purpose_star, layout_loops_ring,
          minmay_temple_entry_waves, gammafunk_ghost_smash,
          serial_park_tiny_pond, minmay_manual_mares, uniq_duvessa
D:7:      layout_basic, lemuel_doored_altar
D:8:      layout_basic, fedhas_ov_isle_minmay, erik_lair_dragon, serial_shops,
          shop, abandoned_shop
D:9:      cheibrodos_iron_armory, layout_layer_cave, special_room
          [special_room_orc], solitary_fountain
D:10:     layout_stronghold, cheibrodos_ashenzari_chains,
          nicolae_yredelemnul_corpse_copse
D:11:     layout_basic, uniq_harold
D:12:     layout_long_grid, erik_orc_1
D:13:     layout_stronghold, hangedman_vaults_entry_quadrant_bands,
          enter_trove_2, grunt_ministairs_2
Temple:   minmay_temple_bridge_abc
Lair:1:   layout_chaotic_city, chequers_serial_rivers_large_b,
          chequers_serial_rivers_small_a, grunt_megastairs_1
Lair:2:   layout_gridlike, small_statue_intersection
Lair:3:   layout_regular_city, minivault_26, nzn_sisyphean_effort, uniq_sonja
Lair:4:   layout_loops_ring, minmay_swamp_entry_swarm, dummy_snake_entry,
          lemuel_centaur_altar, lemuel_fruit_tree, serial_bayou_shore_b
Lair:5:   layout_regular_city, slime_altar_1, minmay_lair_oklob_chamber,
          infiniplex_staircase_pool, serial_bayou_shore_a, uniq_rupert

Skill      XL: |  1  2  3  4  5  6  7  8  9 10 11 12 13 |
---------------+----------------------------------------+-----
Earth Magic    | 4 5 7 8 10 11 13 15 | 15.0
Spellcasting   | 3 4 5 6 7 |  7.0
Conjurations   | 1 2 3 5 6 8 |  8.0
Dodging        | 3 4 6 10 | 10.0
Fighting       | 2 5 7 10 | 10.0
Shields        | 4 |  4.0
Staves         | 1 12 | 12.8
Stealth        | |  1.7
Transmutations | |  1.0

Action                   |  1- 3 |  4- 6 |  7- 9 | 10-12 | 13-15 || total
-------------------------+-------+-------+-------+-------+-------++-------
Melee: Unarmed           |    68 |       |       |       |       ||    68
       Tailslap          |    15 |     2 |    16 |     9 |       ||    42
       Dagger            |    95 |     5 |       |       |       ||   100
       Staff             |       |    31 |   101 |    74 |    13 ||   219
 Cast: Sandblast         |    22 |    38 |    76 |    65 |    43 ||   244
       Stone Arrow       |       |       |    66 |   208 |   111 ||   385
       Lee's Rapid Decon |       |       |       |    28 |    22 ||    50
  Use: Scroll            |       |       |       |     5 |     1 ||     6
 Stab: Sleeping          |     2 |     1 |       |       |       ||     3
Armor: Skin              |    47 |    26 |    83 |   141 |    58 ||   355
Dodge: Dodged            |   133 |    59 |   106 |   149 |    82 ||   529
Block: Buckler           |       |       |       |    24 |    27 ||    51

Table legend: (Time is in decaauts)
 A = Elapsed time spent in this place.
 B = Non-inter-level travel time spent in this place.
 C = Inter-level travel time spent in this place.
 D = Time resting spent in this place.
 E = Time spent auto-exploring this place.
 F = Levels seen in this place.
 G = Mean time per level.
                   A        B        C        D        E       F      G
               +--------+--------+--------+--------+--------+-----+--------+
         Total |  23365 |  22653 |    712 |   1074 |  19195 |  19 | 1229.7 |
       Dungeon |  16734 |  16153 |    581 |    741 |  13717 |  13 | 1287.2 |
        Temple |    185 |    164 |     21 |      0 |    139 |   1 |  185.0 |
          Lair |   6444 |   6335 |    109 |    333 |   5338 |   5 | 1288.8 |
               +--------+--------+--------+--------+--------+-----+--------+

Top non-repeatable levels by time:
  Lair:4: 1776 daAuts
  Lair:3: 1717 daAuts
     D:3: 1711 daAuts
     D:9: 1658 daAuts
     D:7: 1633 daAuts
     D:8: 1501 daAuts
    D:12: 1454 daAuts
     D:2: 1440 daAuts
    D:10: 1365 daAuts
  Lair:1: 1292 daAuts
    D:11: 1283 daAuts
     D:1: 1275 daAuts
     D:6: 1192 daAuts
     D:5: 1117 daAuts
  Lair:2: 1107 daAuts
